 Dungeon Crawl Stone Soup version 0.19.5 (webtiles) character file.

7541 mike2R the Destroyer (level 10, -1/56 HPs)
             Began as a Deep Elf Conjurer on Apr 22, 2017.
             Was a Priest of Sif Muna.
             Slain by an unseen horror (11 damage)
             ... on level 10 of the Dungeon on Apr 23, 2017.
             The game lasted 01:44:12 (10796 turns).

mike2R the Destroyer (Deep Elf Conjurer)           Turns: 10796, Time: 01:44:13

Health: -1/56      AC:  6    Str:  5    XL:     10   Next: 96%
Magic:  32/32      EV: 16    Int: 27    God:    Sif Muna [***...]
Gold:   332        SH:  6    Dex: 15    Spells: 7 memorised, 1 level left

rFire  . . .     SeeInvis .     a - +5 dagger
rCold  . . .     Gourm    +     g - +2 robe
rNeg   . . .     Faith    .     Q - +1 buckler
rPois  .         Spirit   .     (no helmet)
rElec  .         Reflect  .     M - +1 cloak
rCorr  .         Harm     .     (no gloves)
MR     +....                    (no boots)
Stlth  ++........               T - amulet of the gourmand
                                X - +3 ring of intelligence
                                O - ring of magical power

@: about to teleport, regenerating
A: no striking features
a: Divine Energy, Channel Magic, Renounce Religion


You were on level 10 of the Dungeon.
You worshipped Sif Muna.
Sif Muna was most pleased with you.
You were completely stuffed.

You visited 2 branches of the dungeon, and saw 11 of its levels.
You also visited: Sewer and Ossuary.

You collected 626 gold pieces.
You spent 294 gold pieces at shops.

Inventory:

Hand Weapons
 a - a +5 dagger (weapon)
Armour
 g - a +2 robe (worn)
 M - a +1 cloak (worn)
 Q - a +1 buckler (worn)
Magical Staves
 N - an uncursed staff of air
Jewellery
 k - a +4 ring of dexterity
 m - a +2 ring of dexterity
 o - an uncursed ring of fire
 r - an uncursed ring of flight
 z - an uncursed ring of magical power
 A - an uncursed ring of wizardry
 O - a ring of magical power (left hand)
 T - an amulet of the gourmand (around neck)
 X - a +3 ring of intelligence (right hand)
Wands
 t - a wand of iceblast (8/15)
 v - a wand of flame (26/48)
 w - a wand of flame (29/48)
 V - a wand of enslavement (7/24)
Scrolls
 d - 5 scrolls of recharging
 e - a scroll of teleportation
 h - 3 scrolls of remove curse
 l - 3 scrolls of fear
 y - a scroll of blinking
 F - a scroll of summoning {unknown}
 G - a scroll of immolation
 H - a scroll of fog {unknown}
 P - a scroll of amnesia {unknown}
 R - a scroll of acquirement {unknown}
Potions
 f - a potion of magic
 i - a potion of flight
 j - a potion of agility
 n - 2 potions of ambrosia
 p - 2 potions of haste
 q - a potion of invisibility
 s - a potion of cure mutation
 C - a potion of brilliance
 D - a potion of resistance
 E - 2 potions of might
 I - a potion of heal wounds
 J - 3 potions of curing
 K - a potion of lignification
 Y - a potion of cancellation
Books
 b - a book of Conjurations

   Spells                             Type                      Level
   a - Magic Dart                     Conjuration                  1
   b - Searing Ray                    Conjuration                  2
   c - Dazzling Spray                 Conjuration/Hexes            3
   d - Fulminant Prism                Conjuration/Hexes            4
   e - Iskenderun's Mystic Blast      Conjuration                  4
   f - Iskenderun's Battlesphere      Conjuration/Charms           5
 B - a book of Necromancy

   Spells                             Type                      Level
   a - Pain                           Necromancy                   1
   b - Animate Skeleton               Necromancy                   1
   c - Vampiric Draining              Necromancy                   3
   d - Regeneration                   Charms/Necromancy            3
   e - Animate Dead                   Necromancy                   4
   f - Control Undead                 Necromancy                   4
Comestibles
 c - 4 bread rations
 u - 6 meat rations
 x - a royal jelly
 L - 7 slices of pizza
 S - a beef jerky
 U - 12 fruits


   Skills:
 - Level 4.0 Fighting
 + Level 5.4 Short Blades
 - Level 6.0 Dodging
 - Level 2.5 Stealth
 - Level 4.2 Shields
 - Level 7.4 Spellcasting
 - Level 10.0 Conjurations
 - Level 5.0 Hexes
 - Level 5.3 Charms
 - Level 7.9 Invocations


You had one spell level left.
You knew the following spells:

 Your Spells              Type           Power        Failure   Level  Hunger
a - Magic Dart            Conj           ####         1%          1    None
b - Searing Ray           Conj           ######       1%          2    None
c - Dazzling Spray        Conj/Hex       ######       1%          3    None
d - Iskenderun's Mystic   Conj           ######..     1%          4    ##.....
e - Fulminant Prism       Conj/Hex       ######....   2%          4    ##.....
f - Iskenderun's Battles  Conj/Chrm      ######..     8%          5    ####...
g - Regeneration          Chrm/Necr      ###.......   6%          3    None


Dungeon Overview and Level Annotations

Branches:
Dungeon (10/15)            Temple (1/1) D:6
   Lair: D:8-11         Orc: D:9-12

Altars:
Ashenzari
Cheibriados
Dithmenos
Elyvilon
Fedhas
Gozag
Hepliaklqana
Kikubaaqudgha
Makhleb
Nemelex Xobeh
Okawaru
Qazlal
Ru
Sif Muna
Trog
Uskayaw
Vehumet
Xom
Yredelemnul
Zin
The Shining One

Shops:
D:5 ![*   D:8 *   D:9 (


Message History

Casting: Searing Ray
Confirm with . or Enter, or press ? or * to list all spells.
Aiming: Iskenderun's Mystic Blast
Press: ? - help, Shift-Dir - straight line Something hits you.
Something hits you but does no damage.
Casting: Iskenderun's Mystic Blast
Confirm with . or Enter, or press ? or * to list all spells.
Your skin crawls.
Something hits you but does no damage.
You feel quite a bit less full. Something completely misses you.
You block something's attack. Something hits you but does no damage.
Something hits you. Something hits you. Something barely misses you.
Something hits you. x2
* * * LOW HITPOINT WARNING * * *
As you read the scroll of teleportation, it crumbles to dust.
You feel strangely unstable. Something hits you.
* * * LOW HITPOINT WARNING * * *
Something hits you!
You die...

#.....# #.....#
#.....# ##..†.#
#....#######
#.....>.....
#...........
#...........
#####.^.@..########
#..........#......#
########...#......#
#...#......#
#...'......#
########...#......#
#..........#.......
#..........#.########
#..........#.#..<)..#


There were no monsters in sight!

Vanquished Creatures
  A hydra (D:8)
  A hill giant (D:7)
  The ghost of Diode the Basher, a novice MiBe of Trog (D:7)
  2 hornets
  2 dream sheep (D:8)
  2 yaks (D:8)
  2 wyverns (D:9)
  A hungry ghost (D:8)
  Menkaure (D:4)
  A water moccasin (D:10)
  3 ice beasts
  2 sky beasts
  A black bear (D:7)
  A necrophage (D:3)
  5 centaurs
  4 ogres
  A crocodile (Sewer)
  7 big kobolds
  2 elf zombies (Ossuary)
  A gnoll sergeant (D:7)
  5 bullfrogs
  4 scorpions
  A killer bee (D:10)
  3 wights (D:8)
  An electric eel (D:8)
  A howler monkey (D:3)
  2 crimson imps
  4 centaur zombies
  A jelly (D:9)
  A human zombie (Ossuary)
  2 orc priests (D:9)
  2 gnoll shamans
  2 hounds (D:5)
  4 iguanas
  8 orc wizards
  9 worker ants
  A big kobold zombie (Ossuary)
  A hound zombie (Ossuary)
  3 mummies (Ossuary)
  A worker ant zombie (D:8)
  7 gnolls
  9 adders
  2 river rats (D:3)
  3 shadow imps
  7 adder zombies
  4 oozes
  2 adder skeletons
  2 worms (D:3)
  A dart slug (D:3)
  A leopard gecko (D:9)
  26 orcs
  7 giant cockroaches
  A gnoll zombie (Ossuary)
  8 goblins
  6 hobgoblins
  5 jackals
  6 quokkas
  A ball python (D:3)
  A ball python skeleton (D:5)
  8 bats
  10 frilled lizards
  4 goblin zombies (Ossuary)
  4 hobgoblin zombies (Ossuary)
  5 jackal zombies (Ossuary)
  29 kobolds
  A kobold zombie (Ossuary)
  A quokka skeleton (D:5)
  3 quokka zombies (Ossuary)
  9 rats
  5 rat zombies (Ossuary)
275 creatures vanquished.

Vanquished Creatures (others)
  29 fulminant prisms
29 creatures vanquished.

Grand Total: 304 creatures vanquished

Notes
Turn   | Place    | Note
-------+----------+-------------------------------------------
     0 | D:1      | mike2R the Deep Elf Conjurer began the quest for the Orb.
     0 | D:1      | Reached XP level 1. HP: 10/10 MP: 6/6
   211 | D:1      | Reached XP level 2. HP: 15/15 MP: 4/8
   951 | D:2      | Reached skill level 5 in Conjurations
   951 | D:2      | Reached XP level 3. HP: 19/19 MP: 1/10
   955 | D:2      | Learned a level 2 spell: Searing Ray
   959 | D:2      | Learned a level 3 spell: Dazzling Spray
  1211 | D:2      | Found a deep blue altar of Sif Muna.
  1214 | D:2      | Became a worshipper of Sif Muna the Loreminder
  1374 | D:3      | Found a shattered altar of Ashenzari.
  1387 | D:3      | Found a glowing drain.
  1461 | D:3      | Reached XP level 4. HP: 24/24 MP: 4/12
  1565 | Sewer    | Entered a sewer
  1667 | Sewer    | Noticed a crocodile
  1675 | Sewer    | Killed a crocodile
  1675 | Sewer    | Reached skill level 5 in Spellcasting
  1675 | Sewer    | Reached XP level 5. HP: 28/28 MP: 1/15
  1689 | Sewer    | Learned a level 4 spell: Iskenderun's Mystic Blast
  1694 | Sewer    | Learned a level 4 spell: Fulminant Prism
  1832 | D:3      | Reached skill level 6 in Conjurations
  2032 | D:3      | Reached * piety under Sif Muna
  2298 | D:3      | Noticed a necrophage
  2303 | D:3      | Killed a necrophage
  2303 | D:3      | Reached XP level 6. HP: 32/32 MP: 9/17
  2631 | D:4      | Noticed Menkaure
  3126 | D:4      | Killed Menkaure
  3126 | D:4      | Reached skill level 7 in Conjurations
  3134 | D:4      | Learned a level 5 spell: Iskenderun's Battlesphere
  3182 | D:4      | Reached XP level 7. HP: 36/36 MP: 11/19
  3843 | D:5      | Entered Level 5 of the Dungeon
  3874 | D:5      | Found a glowing golden altar of the Shining One.
  4067 | D:5      | Reached skill level 1 in Fighting
  4118 | D:5      | Found Lueciva's Assorted Antiques.
  4133 | D:5      | Bought a leather armour for 44 gold pieces
  4133 | D:5      | Bought a fizzy orange potion for 19 gold pieces
  4133 | D:5      | Bought a scroll labeled XENOOF KEVET for 22 gold pieces
  4133 | D:5      | Bought a scroll labeled FAINGI RITOWEA for 22 gold pieces
  4133 | D:5      | Bought a scroll labeled ZECOJI EGHADGH for 22 gold pieces
  4133 | D:5      | Bought a scroll labeled BIBAEN YSELUSY for 22 gold pieces
  4273 | D:5      | Found Viurr's Distillery.
  4364 | D:5      | Bought a potion of heal wounds for 65 gold pieces
  4364 | D:5      | Bought a potion of curing for 39 gold pieces
  4364 | D:5      | Bought a potion of lignification for 39 gold pieces
  4509 | D:5      | Reached ** piety under Sif Muna
  4509 | D:5      | Reached skill level 8 in Conjurations
  4868 | D:5      | Found Rebili Xetho's Antique Armour Shoppe.
  4938 | D:5      | Reached XP level 8. HP: 44/44 MP: 21/21
  5138 | D:5      | Found a burning altar of Makhleb.
  5372 | D:6      | Found a staircase to the Ecumenical Temple.
  5416 | Temple   | Entered the Ecumenical Temple
  5987 | D:6      | Reached skill level 9 in Conjurations
  6552 | D:6      | Reached skill level 5 in Dodging
  6552 | D:6      | Reached skill level 1 in Charms
  6566 | D:6      | Reached skill level 1 in Hexes
  6883 | D:7      | Noticed a hill giant
  6893 | D:7      | Killed a hill giant
  6963 | D:7      | Reached XP level 9. HP: 16/51 MP: 6/22
  7446 | D:7      | Reached skill level 5 in Charms
  7491 | D:7      | Reached *** piety under Sif Muna
  7720 | D:7      | Reached skill level 5 in Hexes
  7744 | D:7      | Reached skill level 1 in Short Blades
  7792 | D:7      | Reached skill level 1 in Shields
  7964 | D:7      | Noticed Diode's ghost (novice MiBe)
  7970 | D:7      | Killed Diode's ghost
  8152 | D:7      | Learned a level 3 spell: Regeneration
  8325 | D:7      | Reached skill level 1 in Invocations
  8549 | D:8      | Found a sand-covered staircase.
  8554 | Ossuary  | Entered an ossuary
  9146 | D:8      | Found Zeodgh's Demolitions Depot.
  9186 | D:8      | Reached XP level 10. HP: 51/56 MP: 23/23
  9270 | D:8      | Reached skill level 5 in Invocations
  9422 | D:8      | Noticed a three-headed hydra
  9439 | D:8      | Killed a three-headed hydra
  9942 | D:9      | Reached skill level 10 in Conjurations
 10273 | D:9      | Found Faarah's Antique Weapon Boutique.
 10412 | D:9      | Reached skill level 5 in Short Blades
 10700 | D:10     | Entered Level 10 of the Dungeon
 10796 | D:10     | Slain by an unseen horror

Skill      XL: |  1  2  3  4  5  6  7  8  9 10 |
---------------+-------------------------------+-----
Conjurations   | 5 6 7 8 9 10 | 10.0
Spellcasting   | 4 5 6 7 |  7.4
Fighting       | 1 3 4 |  4.0
Dodging        | 4 5 6 |  6.0
Charms         | 3 5 |  5.3
Hexes          | 3 5 |  5.0
Short Blades   | 1 5 |  5.4
Shields        | 4 |  4.2
Invocations    | 4 7 |  7.9
Stealth        | |  2.5

Action                   |  1- 3 |  4- 6 |  7- 9 | 10-12 || total
-------------------------+-------+-------+-------+-------++-------
Melee: Dagger            |       |     5 |    20 |     2 ||    27
 Cast: Magic Dart        |    68 |    65 |   158 |    49 ||   340
       Dazzling Spray    |     1 |     5 |       |     2 ||     8
       Searing Ray       |       |     7 |    18 |     6 ||    31
       Iskenderun's Myst |       |     1 |    43 |    34 ||    78
       Fulminant Prism   |       |     5 |    17 |     7 ||    29
       Iskenderun's Batt |       |       |    32 |    19 ||    51
       Regeneration      |       |       |       |     8 ||     8
Invok: Channel Magic     |       |       |     2 |    12 ||    14
 Abil: Evoke Flight      |       |       |       |     1 ||     1
  Use: Scroll            |     6 |     7 |    11 |     6 ||    30
  Eat: Chunk             |     1 |     7 |    21 |    25 ||    54
       Fruit             |       |       |     7 |       ||     7
       Beef jerky        |       |       |     1 |     1 ||     2
       Bread ration      |       |       |     1 |       ||     1
Armor: Robe              |       |       |     9 |    12 ||    21
Dodge: Dodged            |     1 |    15 |    31 |    19 ||    66
Block: Buckler           |       |       |     8 |    15 ||    23
